 Dungeon Crawl Stone Soup version 0.31-a0-188-g5e087ee2ca (webtiles) character file.

Game seed: 14195585773983326072

200 qw the Skirmisher (level 5, -3/15 (29) HPs)
             Began as a Deep Elf Hunter on June 23, 2023.
             Slain by an orc
             ... wielding a +1 flail of draining
              (8 damage)
             ... on level 3 of the Dungeon.
             The game lasted 00:00:55 (2559 turns).

qw the Skirmisher (Deep Elf Hunter)                 Turns: 2559, Time: 00:00:55

HP:   -3/15 (29)    AC:  7    Str: 10    XL:     5   Next: 49%
MP:   7/7           EV: 11    Int: 14    God:
Gold: 125           SH:  0    Dex: 18    Spells: 4/4 levels left

rFire   . . .        Y - +0 shortbow
rCold   . . .        (shield currently unavailable)
rNeg    . . .        f - +0 ring mail
rPois   .            j - +0 helmet
rElec   .            (no cloak)
rCorr   .            e - +0 pair of gloves
SInv    .            (no boots)
Will    .....        (no amulet)
Stlth   +            (no ring)
HPRegen 0.22/turn    (no ring)
MPRegen 0.10/turn

%: no passive effects
@: very heavily drained
A: no striking features
a: no special abilities


You were on level 3 of the Dungeon.
You visited 1 branch of the dungeon, and saw 4 of its levels.

You collected 161 gold pieces.
You spent 36 gold pieces at shops.


   Skills:
 + Level 1.5 Fighting
 - Level 9.0 Ranged Weapons
 - Level 2.4 Dodging
 - Level 1.2 Stealth


You had 4 spell levels left.
You didn't know any spells.
Your spell library was empty.

Inventory:

Hand Weapons
 Y - a +0 shortbow (weapon)
Armour
 d - the scarf of Noon {harm, *Corrode rF+ rN+ Slay+5}
   (You acquired it on level 1 of the Dungeon)

   Slay:      It affects your accuracy & damage with ranged weapons and melee
   (+5).
   rF:        It protects you from fire.
   rN:        It protects you from negative energy.
   *Corrode:  It may corrode you when you take damage.
 e - a +0 pair of gloves (worn)
 f - a +0 ring mail (worn)
 j - a +0 helmet (worn)
Scrolls
 a - a scroll of identify
 b - 2 scrolls of teleportation
Potions
 c - a potion of mutation {unknown}
 g - 4 potions of curing
 h - a potion of cancellation {unknown}
 i - a potion of degeneration {unknown}

Dungeon Overview and Level Annotations

Branches:
Dungeon (4/15)
 Temple: D:4-7

Altars:
Zin

Shops:
D:1 !

Annotations:
D:1 2 transporters


Message History

What level of the Dungeon? (default 1, ? - help)
You climb downwards.
The orc closely misses you. The orc hits you but does no damage.
HP restored.
You feel drained.
There is a stone staircase leading up here.
You shoot an arrow. The arrow hits the orc.
The orc is almost dead.
The orc hits you with a +1 flail of draining.
You feel drained.
The orc hits you with a +0 short sword of draining.
You feel drained.
2553 ||| STAIRDANCE The orc barely misses you.
The orc hits you but does no damage.
You feel drained.
You climb upwards.
There is a stone staircase leading down here.
You see here a +0 leather armour.
You shoot an arrow.
The arrow hits the orc but does no damage.
The orc is almost dead.
The orc hits you but does no damage.
You feel drained.
The orc hits you with a +1 flail of draining.
You feel drained.
You shoot an arrow. The arrow barely misses the orc.
The orc barely misses you. The orc hits you but does no damage.
You feel drained.
You shoot an arrow. The arrow closely misses the orc.
The orc hits you but does no damage.
You feel drained.
The orc hits you with a +1 flail of draining.
You feel drained. The orc barely misses you.
The orc hits you with a +1 flail of draining.
You feel drained.
You shoot an arrow. The arrow barely misses the orc.
The orc hits you but does no damage.
You feel drained.
The orc hits you with a +1 flail of draining.
You feel drained.
You shoot an arrow. The arrow completely misses the orc.
The orc barely misses you.
The orc hits you with a +1 flail of draining!
Ouch! That really hurt!
You die...

#.###########.# ############# #.#
#...# #.#######............
#.####.#.####..........#.###.##..
#.##...#...##..######..#.# #.##..
#.##.#####.....######..#.# #.##..
#.##...#.<.#...%....#..#.# #.##..
..####.#.......####.#..#.###.....
#.........##..####........####...
##.#)....###[..o@o......<......#.
##.#.#..####.####...##...####...
##............# ##.####.########
#.#.#.#>.###### ##..............
.###...#.# ##.#.###......... ##
##.##.########.###.##.######## #
#.#..........## ##...........
#....########.###.##.########
#####.....# ##.#.###.# #


You could see 2 orcs.

Vanquished Creatures
  An iguana (D:4)
  An orc wizard (D:3)
  8 adders
  2 worms (D:4)
  6 orcs
  10 ball pythons
  8 endoplasms
  A giant cockroach (D:4)
  6 goblins
  4 hobgoblins
  4 jackals
  4 kobolds (D:2)
  3 quokkas
  4 bats
  3 frilled lizards
  2 rats
67 creatures vanquished.

Notes
Turn   | Place    | Note
-------+----------+-------------------------------------------
     0 | D:1      | qw the Deep Elf Hunter began the quest for the Orb.
     0 | D:1      | Reached XP level 1. HP: 12/12 MP: 3/3
     0 | D:1      | 0 ||| qw: Version: 0.3-a-9-g12657ce
     0 | D:1      | 0 ||| qw: Game counter: 4187
     0 | D:1      | 0 ||| qw: Always use a shield: true
     0 | D:1      | 0 ||| qw: God list: Okawaru
     0 | D:1      | 0 ||| qw: Allow faded altars: false
     0 | D:1      | 0 ||| qw: Do Orc after D:15 true
     0 | D:1      | 0 ||| qw: Do second Lair branch before Depths: true
     0 | D:1      | 0 ||| qw: Lair rune preference: random
     0 | D:1      | 0 ||| qw: Plans: Normal
     0 | D:1      | 0 ||| PLANNING D:1-11
   153 | D:1      | Found Xuavvucw's Distillery.
   161 | D:1      | 161 ||| SHOPLISTING potion of cancellation (96 gold, have
                  | 42).
   161 | D:1      | 161 ||| BUYING potion of curing (36 gold).
   161 | D:1      | Bought a potion of curing for 36 gold pieces
   161 | D:1      | 161 ||| SHOPLISTING potion of curing (36 gold, have 6).
   161 | D:1      | 161 ||| SHOPLISTING potion of haste (120 gold, have 6).
   161 | D:1      | 161 ||| SHOPLISTING potion of mutation (96 gold, have 6).
   181 | D:1      | Found a faded altar of an unknown god.
   184 | D:1      | Reached XP level 2. HP: 16/16 MP: 4/4
   194 | D:1      | Reached skill level 6 in Ranged Weapons
   746 | D:1      | 746 ||| UPGRADING to +0 pair of gloves.
   751 | D:1      | 751 ||| UPGRADING to +0 helmet.
   756 | D:1      | 756 ||| READING 3 scrolls labelled CONYWO GUOMP.
   757 | D:1      | 757 ||| READING scroll labelled QUYSARPHU VA UPY.
   757 | D:1      | Identified a scroll of acquirement
   757 | D:1      | 757 ||| ACQUIRING scarf of Noon {harm, *Corrode rF+ rN+
                  | Slay+5}
   757 | D:1      | Acquired the scarf of Noon {harm, *Corrode rF+ rN+ Slay+5}
   759 | D:1      | 759 ||| READING scroll labelled VIR YGRIPTOSTU.
   760 | D:1      | 760 ||| READING scroll labelled MARUTE UTAO.
   763 | D:1      | 763 ||| DRINKING 2 blue potions.
   794 | D:1      | 794 ||| DROPPING scroll of butterflies.
   795 | D:1      | 795 ||| DROPPING potion of lignification.
   832 | D:2      | Reached XP level 3. HP: 20/20 MP: 5/5
   877 | D:2      | Identified the +4 falchion of Edus {freeze, rElec}
  1134 | D:2      | Reached skill level 7 in Ranged Weapons
  1544 | D:2      | Reached XP level 4. HP: 25/25 MP: 6/6
  1555 | D:2      | 1555 ||| READING scroll labelled XOPENWEZUA.
  1556 | D:2      | 1556 ||| READING scroll labelled OGORPH GANA.
  2185 | D:3      | 2185 ||| READING 2 scrolls of identify.
  2185 | D:3      | 2185 ||| IDENTIFYING coppery potion
  2186 | D:3      | 2186 ||| DROPPING potion of magic.
  2230 | D:4      | Reached skill level 8 in Ranged Weapons
  2328 | D:4      | Found a glowing silver altar of Zin.
  2348 | D:4      | Reached XP level 5. HP: 29/29 MP: 7/7
  2421 | D:4      | 2421 ||| FLEEEEING.
  2422 | D:4      | 2422 ||| STAIRDANCE
  2451 | D:3      | 2451 ||| UPGRADING to +0 ring mail.
  2461 | D:3      | 2461 ||| DROPPING +0 leather armour.
  2462 | D:3      | 2462 ||| READING scroll labelled FEFISM ECLAWN.
  2482 | D:4      | 2482 ||| FLEEEEING.
  2483 | D:4      | 2483 ||| FLEEEEING.
  2484 | D:4      | 2484 ||| FLEEEEING.
  2485 | D:4      | 2485 ||| FLEEEEING.
  2486 | D:4      | 2486 ||| FLEEEEING.
  2487 | D:4      | 2487 ||| FLEEEEING.
  2488 | D:4      | 2488 ||| FLEEEEING.
  2489 | D:4      | 2489 ||| FLEEEEING.
  2490 | D:4      | 2490 ||| FLEEEEING.
  2491 | D:4      | 2491 ||| STAIRDANCE
  2502 | D:4      | 2502 ||| STAIRDANCE
  2523 | D:4      | 2523 ||| STAIRDANCE
  2527 | D:3      | Reached skill level 9 in Ranged Weapons
  2553 | D:4      | 2553 ||| STAIRDANCE
  2559 | D:3      | Slain by an orc

Levels and vault maps discovered:
D:1:      spicycebolla_arrival_transporter_tutorial, layout_basic, serial_shops,
          shop, dreamdust_ecumenical_altar_statues
D:2:      layout_loops_ring, nicolae_eternal_life, nicolae_figureground_sparkle
D:3:      layout_loops_ring
D:4:      layout_gridville, mainiacjoe_overflow_chevrons

Skill      XL: |  1  2  3  4  5 |
---------------+----------------+-----
Ranged Weapons | 6 7 8 9 |  9.0
Fighting       | |  1.5
Dodging        | |  2.4
Stealth        | |  1.2

Action                     |  1- 3 |  4- 6 || total
---------------------------+-------+-------++-------
   Fire: Shortbow          |    83 |   107 ||   190
    Use: Scroll            |     4 |     4 ||     8
         Potion            |     1 |       ||     1
 Armour: Leather armour    |    12 |     5 ||    17
         Ring mail         |       |     9 ||     9
  Dodge: Dodged            |    12 |    43 ||    55

Table legend:
 A = Non-vault XP
 B = Vault XP
 C = Vault XP percentage of total XP
 D = Non-vault monster count
 E = Vault monster count
 F = Vault count percentage of total count
                 A         B        C        D         E       F
            +---------+---------+-------+---------+---------+-------
      Total |     287 |       0 |   0.0 |      67 |       0 |   0.0
            +---------+---------+-------+---------+---------+-------
        D:1 |      24 |       0 |   0.0 |      16 |       0 |   0.0
        D:2 |      83 |       0 |   0.0 |      23 |       0 |   0.0
        D:3 |      80 |       0 |   0.0 |      12 |       0 |   0.0
        D:4 |     100 |       0 |   0.0 |      16 |       0 |   0.0
            +---------+---------+-------+---------+---------+-------
